 Dungeon Crawl Stone Soup version 0.26.0-10-g1f06aea511 (webtiles) character file.

Game seed: 17630384656490361531

359 tsouns the Insei (level 6, -7/37 HPs)
             Began as a Vampire Artificer on Jan 19, 2021.
             Was an Initiate of Makhleb.
             Mangled by an ogre
             ... wielding a +0 giant spiked club
              (15 damage)
             ... on level 4 of the Dungeon.
             The game lasted 00:09:54 (3715 turns).

tsouns the Insei (Vampire Artificer)                Turns: 3715, Time: 00:09:55

Health: -7/37      AC:  5    Str: 13    XL:     6   Next: 37%
Magic:  6/6        EV: 12    Int: 13    God:    Makhleb [......]
Gold:   148        SH:  0    Dex: 15    Spells: 2/5 levels left

rFire    . . .     SeeInvis +     - Unarmed
rCold    + + .     Faith    +   (no shield)
rNeg     + + +     Spirit   .   b - +0 leather armour
rPois    ∞         Reflect  .   q - +0 helmet
rElec    .         Harm     .   m - +0 cloak
rCorr    .         Rampage  .   (no gloves)
Will     .....                  (no boots)
Stlth    ++++......             o - amulet of faith
HPRegen  0.00/turn              (no ring)
MPRegen  0.10/turn              (no ring)

@: bloodless
A: fangs 3, see invisible, unbreathing
a: Bat Form, Revivify, Renounce Religion


You were on level 4 of the Dungeon.
You worshipped Makhleb.
Makhleb was noncommittal.
You visited 1 branch of the dungeon, and saw 4 of its levels.

You collected 148 gold pieces.

Inventory:

Hand Weapons
 a - a +0 club
Missiles
 n - 11 atropa-tipped darts
Armour
 b - a +0 leather armour (worn)
 m - a +0 cloak (worn)
 q - a +0 helmet (worn)
Jewellery
 o - an amulet of faith (around neck)
Wands
 c - a wand of flame (5) (quivered)
 d - a wand of enslavement (13)
Scrolls
 f - 4 scrolls of blinking {unknown}
 i - a scroll of amnesia {unknown}
 j - 8 scrolls of identify {unknown}
 s - a scroll of enchant armour {unknown}
Potions
 g - 2 potions of lignification {unknown}
 h - a potion of haste {unknown}
 k - a potion of curing {unknown}
 l - a potion of heal wounds {unknown}
 p - a potion of brilliance {unknown}
 r - a potion of resistance {unknown}


   Skills:
 + Level 3.3 Fighting
 - Level 0.7 Armour
 - Level 2.1 Dodging
 - Level 1.5 Stealth
 * Level 5.6 Unarmed Combat
 + Level 0.5 Invocations
 - Level 2.6 Evocations


You had 2 spell levels left.
You knew the following spells:

 Your Spells              Type           Power        Failure   Level
a - Animate Skeleton      Necr           0%           36%         1
b - Apportation           Tloc           0%           36%         1
c - Summon Small Mammal   Summ           0%           36%         1

Your spell library contained the following spells:

 Spells                   Type           Power        Failure   Level
 Corona                   Hex            0%           36%         1


Dungeon Overview and Level Annotations

Branches:
Dungeon (4/15)
 Temple: D:4-7

Altars:
Ashenzari
Fedhas
Makhleb
Vehumet
Xom


Innate Abilities, Weirdness & Mutations

You do not regenerate when monsters are visible.
You are frail without blood (-20% HP).
You can heal yourself when you bite living creatures.
You are immune to poison.
You have razor-sharp teeth.
You have supernaturally acute eyesight. (SInv)
You can survive without breathing.


Message History

You hit the ogre.
The ogre is severely wounded.
The ogre closely misses you.
Your leather armour prevents you from hitting the ogre.
The ogre is severely wounded.
The ogre misses you.
You hit the ogre.
The ogre is almost dead.
The ogre hits you with a +0 giant spiked club!!
Ouch! That really hurt!
* * * LOW HITPOINT WARNING * * *
You barely miss the ogre. You bite the ogre.
You draw the ogre's blood!
You feel better.
The ogre is almost dead.
The ogre misses you.
Your leather armour prevents you from hitting the ogre.
You punch the ogre.
The ogre is almost dead.
The ogre hits you with a +0 giant spiked club!
You die...

....... .......
....... .# # .......
#.# .## .......
#.##... ....... #.....
......O###..######
.......@..........
#######........#
#........#
#........#..#
#............
#############'##....
#..........##.##.....#
#..........##.##.....#
#..........'..##.....#


You could see an ogre (fast, misshapen).

Vanquished Creatures
  An ogre (D:3)
  A hound (D:3)
  Terence (D:2)
  Natasha (thrice) (D:3)
  A worker ant (D:4)
  4 adders
  An ooze (D:1)
  3 worms
  2 dart slugs (D:1)
  3 leopard geckos
  An orc (D:3)
  2 ball pythons (D:2)
  3 giant cockroaches
  14 goblins
  7 hobgoblins
  5 kobolds
  9 bats
  4 frilled lizards
  2 rats
67 creatures vanquished.

Vanquished Creatures (collateral kills)
  A rat (D:2)
1 creature vanquished.

Grand Total: 68 creatures vanquished

Notes
Turn   | Place    | Note
-------+----------+-------------------------------------------
     0 | D:1      | tsouns the Vampire Artificer began the quest for the Orb.
     0 | D:1      | Reached XP level 1. HP: 14/14 MP: 1/1
    26 | D:1      | Reached skill level 1 in Fighting
    54 | D:1      | Reached skill level 1 in Unarmed Combat
   119 | D:1      | Reached XP level 2. HP: 17/21 MP: 2/2
   242 | D:1      | Reached skill level 2 in Unarmed Combat
   426 | D:1      | Reached XP level 3. HP: 24/26 MP: 3/3
  1042 | D:2      | Found a broken altar of Ashenzari.
  1082 | D:2      | Reached skill level 3 in Unarmed Combat
  1155 | D:2      | Reached XP level 4. HP: 26/26 MP: 4/4
  1172 | D:2      | Noticed Terence
  1425 | D:2      | Killed Terence
  1655 | D:2      | Found a blossoming altar of Fedhas.
  1686 | D:2      | Learned a level 1 spell: Animate Skeleton
  1688 | D:2      | Learned a level 1 spell: Apportation
  1690 | D:2      | Learned a level 1 spell: Summon Small Mammal
  2256 | D:3      | Noticed Natasha
  2482 | D:3      | Killed Natasha
  2483 | D:3      | Reached skill level 4 in Unarmed Combat
  2483 | D:3      | Reached XP level 5. HP: 31/31 MP: 5/5
  2665 | D:3      | Noticed an ogre
  2810 | D:3      | Killed an ogre
  2811 | D:3      | Reached skill level 5 in Unarmed Combat
  2983 | D:3      | Noticed Natasha
  2998 | D:3      | Killed Natasha
  2999 | D:3      | Reached XP level 6. HP: 18/37 MP: 6/6
  3160 | D:3      | Found a burning altar of Makhleb.
  3164 | D:3      | Became a worshipper of Makhleb the Destroyer
  3425 | D:3      | Found a radiant altar of Vehumet.
  3426 | D:3      | Found a shimmering altar of Xom.
  3444 | D:3      | Noticed Natasha
  3453 | D:3      | Killed Natasha
  3715 | D:4      | Mangled by an ogre

Illustrated notes

Levels and vault maps discovered:
D:1:      ncdulo_wetmaze, layout_loops_cross
D:2:      layout_loops_corners, evilmike_ruin_ashenzari, general_overflow_altar,
          uniq_terence
D:3:      layout_basic, makhleb_heckhound_becter,
          gammafunk_temple_overflow_statue, minmay_ogre_servants, uniq_natasha
D:4:      layout_basic, gup_sewer_entry_pipe

Skill      XL: |  1  2  3  4  5 |
---------------+----------------+-----
Fighting       | 1 2 3 |  3.3
Unarmed Combat | 1 2 3 4 5 |  5.6
Armour         | |  0.7
Dodging        | |  2.1
Stealth        | |  1.5
Invocations    | |  0.5
Evocations     | |  2.6

Action                   |  1- 3 |  4- 6 || total
-------------------------+-------+-------++-------
Melee: Club              |   102 |       ||   102
       Bite              |    13 |     8 ||    21
       Unarmed           |    21 |   119 ||   140
       Punch             |       |     5 ||     5
 Cast: Animate Skeleton  |       |     3 ||     3
 Abil: Exsanguinate      |     1 |       ||     1
Evoke: Wand              |     4 |    23 ||    27
 Stab: Sleeping          |     8 |     9 ||    17
       Paralysed         |       |    12 ||    12
Armor: Leather armour    |    31 |    10 ||    41
Dodge: Dodged            |    75 |    55 ||   130
